 Dungeon Crawl Stone Soup version 0.17.0-28-g6e173f8 (webtiles) character file.

194 Ivanskos the Shield-Bearer (level 5, -2/49 HPs)
             Began as a Deep Dwarf Fighter on Dec 2, 2015.
             Killed by divine providence
             ... invoked by an orc priest
              (12 damage)
             ... on level 3 of the Dungeon.
             The game lasted 00:08:07 (1850 turns).

Ivanskos the Shield-Bearer (Deep Dwarf Fighter)     Turns: 1850, Time: 00:08:07

Health: -2/49      AC:  8    Str: 21    XL:     5   Next: 44%
Magic:  5/5        EV:  8    Int:  8    God:
Gold:   126        SH:  9    Dex: 12    Spells: 0 memorised, 4 levels left

rFire  . . .     SeeInvis .     h - +0 morningstar
rCold  . . .     Clarity  .     b - +0 scale mail
rNeg   . . .     SustAt   .     c - +0 shield
rPois  .         Gourm    .     (no helmet)
rElec  .         Spirit   .     (no cloak)
rCorr  .         Warding  .     (no gloves)
rMut   .         Stasis   +     n - +0 pair of boots
MR     .....                    u - amulet of stasis
Stlth  ..........               (no ring)
                                (no ring)

@: non-regenerating, not resistant to hostile enchantments, extremely unstealthy
A: damage resistance, recharge devices, sense surroundings 1, slow regeneration
3
a: Device Recharging


You were on level 3 of the Dungeon.
You were not hungry.

You visited 1 branch of the dungeon, and saw 3 of its levels.

You collected 126 gold pieces.

Inventory:

Hand Weapons
 h - a +0 morningstar (weapon)
Armour
 b - a +0 scale mail (worn)
 c - a +0 shield (worn)
 n - a +0 pair of boots (worn)
Jewellery
 u - an amulet of stasis (around neck)
Wands
 e - a wand of heal wounds (0)
Scrolls
 g - a scroll of enchant weapon
 j - 3 scrolls of remove curse
Potions
 d - 3 potions of might
 k - a potion of curing
 l - 2 potions of cancellation
 s - a potion of agility
 t - a potion of heal wounds
Comestibles
 f - 2 bread rations


   Skills:
 + Level 3.4 Fighting
 + Level 3.0 Maces & Flails
 + Level 4.1 Armour
 + Level 2.5 Dodging
 + Level 4.2 Shields


You had 4 spell levels left.
You didn't know any spells.

Dungeon Overview and Level Annotations

Branches:
Dungeon (3/15)

Altars:
Kikubaaqudgha


Innate Abilities, Weirdness & Mutations

You are resistant to damage.
You can recharge devices by infusing magical energy.
You passively map a small area around you.
You do not regenerate naturally.


Message History

* * * LOW HITPOINT WARNING * * *
The orc priest hits you but does no damage.
You thump the orc priest!
The orc priest is almost dead.
The orc priest hits you but does no damage.
You closely miss the orc priest.
The orc priest is almost dead.
You block the orc priest's attack.
You thump the orc priest!
You kill the orc priest!
Your Maces & Flails skill increases to level 3!
You closely miss the orc. You block the orc's attack.
The orc hits you with a hand axe of freezing.
* * * LOW HITPOINT WARNING * * *
The orc freezes you.
You puncture the orc!
You kill the orc!
The orc priest invokes the aid of Beogh against you.
Something smites you!
You die...

...#..##...o..# #.....,,_,,,,,,*,
..#*#.##.#..o####.....,,,,,,,*,**
..###......#..........#,,,*,,*,**
.g....>....o#.[###....#*,**,,,,,*
..####....oo...# *,**,,,,,,,**,,*
..# #........o####.#***,,,,***,,,
.## #..........o.#.# ***,,,,,,,,
######.......###o#.# **,,,,,,,
###..).)....## #@#.# **,,,,,,
#...##.#...## #.#.# *,,,,,,
#.###>.##### #.#.# *,,,,,,
...##)## #...# *,,,,,, .#.#)†#
##<.# *,,,,,, ##...## ##.#
******* #..## ### * ##).## *
.....## *


You could see an orc priest and an orc.

Vanquished Creatures
  2 orc priests (D:3)
  An orc wizard (D:3)
  3 gnolls (D:3)
  2 adders
  3 worms (D:2)
  4 giant geckos (D:1)
  5 orcs (D:3)
  3 giant cockroaches
  7 goblins
  6 hobgoblins
  2 jackals (D:3)
  4 kobolds
  A ball python (D:3)
  3 bats
  4 giant newts
  5 rats
55 creatures vanquished.

Notes
Turn   | Place    | Note
--------------------------------------------------------------
     0 | D:1      | Ivanskos the Deep Dwarf Fighter began the quest for the Orb.
     0 | D:1      | Reached XP level 1. HP: 20/20 MP: 1/1
   281 | D:1      | Reached skill level 1 in Dodging
   305 | D:1      | Reached XP level 2. HP: 25/27 MP: 2/2
   539 | D:1      | Reached XP level 3. HP: 24/33 MP: 3/3
  1001 | D:2      | Found an ancient bone altar of Kikubaaqudgha.
  1320 | D:2      | Reached XP level 4. HP: 13/42 MP: 4/4
  1768 | D:3      | Reached skill level 4 in Shields
  1768 | D:3      | Reached XP level 5. HP: 23/49 MP: 5/5
  1850 | D:3      | Killed from afar by an orc priest

Action                   |  1- 3 |  4- 6 || total
-------------------------+-------+-------++-------
Melee: Flail             |    81 |    78 ||   159
       Falchion          |    33 |       ||    33
       Morningstar       |       |    15 ||    15
Evoke: Wand              |       |     5 ||     5
  Use: Scroll            |       |    11 ||    11
  Eat: Bread ration      |     1 |       ||     1
